 Dungeon Crawl Stone Soup version 0.18-b1-18-g7758cf2 (webtiles) character file.

52152 Marenglen the Messiah (level 14, -9/127 HPs)
             Began as a Hill Orc Venom Mage on May 2, 2016.
             Was the Champion of Beogh.
             Mangled by an orc knight
             ... wielding a +2 vampiric battleaxe
              (11 damage)
             ... on level 2 of the Orcish Mines.
             The game lasted 01:22:25 (25972 turns).

Marenglen the Messiah (Hill Orc Venom Mage)        Turns: 25972, Time: 01:22:27

Health: -9/127     AC: 11    Str: 19    XL:     14   Next: 62%
Magic:  0/45       EV: 16    Int: 24    God:    Beogh [******]
Gold:   955        SH:  0    Dex: 15    Spells: 5 memorised, 7 levels left

rFire  + + .     SeeInvis .     B - +4 battleaxe (elec)
rCold  . . .     Gourm    .     T - +2 robe of Midwinter {*Drain rElec rF+ rN+}
rNeg   + + .     Faith    .     (shield currently unavailable)
rPois  +         Spirit   +     D - +2 hat {MR+}
rElec  +         Dismiss  .     P - +0 cloak
rCorr  .         Reflect  .     J - +0 pair of gloves of Dishonesty {rF+ rN+ Int+5 Stlth+}
SustAt +         Harm     .     i - +1 pair of boots
MR     ++...     NoTele   +     k - amulet of guardian spirit
Stlth  +++.......               U - ring of Muolot {-Tele rPois MP+9 Str+5 Dex+2}
                                e - ring "Rulluki" {SustAt rElec MP+9 Int+4}

@: very slightly contaminated, invisible, very resistant to hostile
enchantments, fairly stealthy
A: walk on water
a: Smiting, Recall Orcish Followers, Give Item to Named Follower, Resurrection,
Renounce Religion


You were on level 2 of the Orcish Mines.
You worshipped Beogh.
Beogh was exalted by your worship.
You were very hungry.

You visited 3 branches of the dungeon, and saw 22 of its levels.
You also visited: Labyrinth.

You collected 1443 gold pieces.
You spent 488 gold pieces at shops.

Inventory:

Hand Weapons
 B - a +4 battleaxe of electrocution (weapon)
Armour
 i - a +1 pair of boots (worn)
 D - a +2 hat of magic resistance (worn)
 E - a +1 ring mail of magic resistance
 J - the +0 pair of gloves of Dishonesty (worn) {rF+ rN+ Int+5 Stlth+}
   (You found it on level 8 of the Lair of Beasts)

   It affects your intelligence (+5).
   It protects you from fire.
   It protects you from negative energy.
   It makes you more stealthy.
 P - a +0 cloak (worn)
 T - the +2 robe of Midwinter (worn) {*Drain rElec rF+ rN+}
   (You found it on level 11 of the Dungeon)

   It protects you from fire.
   It insulates you from electricity.
   It protects you from negative energy.
   It causes draining when unequipped.
Rods
 M - a +1 rod of ignition (9/9)
   (You found it on level 9 of the Dungeon)
Jewellery
 e - the ring "Rulluki" (left hand) {SustAt rElec MP+9 Int+4}
   (You took it off a minotaur in a labyrinth)

   [ring of sustain attributes]

   It sustains your strength, intelligence and dexterity.
   It affects your intelligence (+4).
   It insulates you from electricity.
   It affects your magic capacity (+9).
 k - an amulet of guardian spirit (around neck)
 q - an uncursed ring of protection from magic
 u - a +3 ring of dexterity
 H - an uncursed ring of wizardry
 Q - an uncursed ring of flight
 U - the ring of Muolot (right hand) {-Tele rPois MP+9 Str+5 Dex+2}
   (You found it on level 10 of the Dungeon)

   [ring of poison resistance]

   It affects your strength (+5).
   It affects your dexterity (+2).
   It protects you from poison.
   It affects your magic capacity (+9).
   It prevents most forms of teleportation.
 W - an uncursed ring of positive energy
Wands
 v - a wand of paralysis (11/24)
 z - a wand of acid (1/15)
 R - a wand of digging (9/24)
 S - a wand of confusion (24/48)
Scrolls
 g - 7 scrolls of recharging
 j - a scroll of enchant armour
 o - 2 scrolls of remove curse
 t - 5 scrolls of fog
 w - 6 scrolls of magic mapping
 V - 3 scrolls of teleportation
Potions
 b - 2 potions of agility
 f - 4 potions of ambrosia
 h - 3 potions of brilliance
 l - 2 potions of might
 m - a potion of invisibility
 r - 4 potions of haste
 s - 2 potions of mutation {unknown}
 A - a potion of heal wounds {unknown}
 F - a potion of cancellation
 I - a potion of curing
 Z - a potion of lignification {unknown}
Books
 y - a book of Death

   Spells                             Type                      Level
   a - Corpse Rot                     Necromancy                   2
   b - Sublimation of Blood           Necromancy                   2
   c - Agony                          Necromancy                   5
   d - Dispel Undead                  Necromancy                   5
   e - Excruciating Wounds            Charms/Necromancy            5
   f - Bolt of Draining               Conjuration/Necromancy       5
 K - a book of Necromancy

   Spells                             Type                      Level
   a - Pain                           Necromancy                   1
   b - Animate Skeleton               Necromancy                   1
   c - Vampiric Draining              Necromancy                   3
   d - Regeneration                   Charms/Necromancy            3
   e - Animate Dead                   Necromancy                   4
   f - Control Undead                 Necromancy                   4
Miscellaneous
 a - a sack of spiders
 N - a stone of tremors
 O - a phantom mirror
Comestibles
 c - 11 bread rations
 d - 9 fruits
 n - 5 beef jerkies
 p - 3 meat rations
 x - a royal jelly
 Y - a slice of pizza


   Skills:
 - Level 12.6 Fighting
 + Level 16.5 Axes
 + Level 6.7 Dodging
 - Level 1.5 Stealth
 - Level 2.1 Spellcasting
 - Level 3.1 Conjurations
 - Level 4.8 Necromancy
 - Level 1.0 Air Magic
 - Level 4.2 Poison Magic
 + Level 18.4 Invocations


You had 7 spell levels left.
You knew the following spells:

 Your Spells              Type           Power        Failure   Level  Hunger
a - Sting                 Conj/Pois      ###.         2%          1    None
b - Cure Poison           Pois           ###.......   3%          2    ##.....
c - Mephitic Cloud        Conj/Pois/Air  ###.....     14%         3    ###....
Q - Animate Skeleton      Necr           N/A          1%          1    None
R - Regeneration          Chrm/Necr      ##........   17%         3    ###....


Dungeon Overview and Level Annotations

Branches:
Dungeon (12/15)            Temple (0/1) D:5            Lair (8/8) D:10
  Swamp (0/4) Lair:4        Snake (0/4) Lair:4        Slime (0/6) Lair:7
    Orc (2/2) D:9             Elf (0/3) Orc:2

Altars:
Dithmenos
Elyvilon
Fedhas
Nemelex Xobeh
Pakellas
Ru
Trog
Vehumet
Zin
The Shining One

Shops:
D:7 [   D:12 (*

Annotations:
D:2 Terence
D:3 Edmund
D:8 franckfuck's ghost, novice MiBe
Lair:7 exclusion: oklob plant


Message History

The orc high priest is drained!
The orc warrior closely misses your orc warrior.
The orc high priest calls upon Beogh to heal the orc warrior.
The orc warrior's wounds heal themselves!
Drink which item? (? for menu, Esc to quit)
You feel better.
You are feeling very hungry.
The orc warrior no longer looks unusually strong.
Your orc warrior hits the orc high priest with a dire flail!
Your orc warrior closely misses the orc high priest.
The orc high priest calls down the wrath of Beogh upon you.
Beogh smites you!
* * * LOW HITPOINT WARNING * * *
The orc knight roars a battlecry!
The orc warrior goes into a battle-frenzy!
The orc knight hits your orc sorcerer with a vampiric battleaxe.
The orc knight is healed.
The orc knight hits you with a vampiric battleaxe!
You die...
Beogh appreciates the orc knight's killing of a heretic priest.

#...#.))#...# #.#........o.
##....)....## ###......)..#
#..#)).#..# #.......)))..
##....o.o## #......#.)...
###.#(### #.....##..#..
#.(...# #...).<...##.
###.#o### #........##..
#...)oo.## #..##..#..#o.
#..#.))#o@# #..........o.
#....o)o).# #<.##.......#
#...#.oo#ooo# #...###.#...#
#.......o3..# #....###.^.##
#....#..4#3...##......##.o##
#).....oo..o..##...........#
#....#..)#3...##..........#o
.............##..........oo
.#. #....##...........o


You could see an orc knight, 3 orc high priests, an ice devil, a smoke demon, 2
neqoxecs, 3 orc warriors, a friendly orc sorcerer, 4 friendly orc warriors and 3
friendly orc priests.

Vanquished Creatures
  Gastronok (Lair:3)
  Maud (Lair:7)
  A minotaur (Lab)
  2 hydras
  Harold (Lair:1)
  An orc high priest (Orc:2)
  An unseen horror (D:11)
  Pikel (D:7)
  An ugly thing (D:11)
  2 cyclopes
  An orc knight (Orc:2)
  A manticore (D:11)
  Maurice (D:9)
  A black mamba (Lair:7)
  11 spiny frogs
  Joseph (D:7)
  A torpor snail (Lair:7)
  4 komodo dragons
  A troll (Orc:2)
  A two-headed ogre (Orc:1)
  5 blink frogs (Lair:8)
  A giant leech (Lair:8)
  A centaur simulacrum (D:10)
  A vampire (D:11)
  A spriggan (D:7)
  A wyvern (D:12)
  21 yaks
  A wraith (D:12)
  3 hippogriffs
  A hungry ghost (D:7)
  A basilisk (Lair:5)
  A vampire mosquito (Lair:8)
  A warg (Orc:2)
  4 nagas (Lair:4)
  7 water moccasins
  A soldier ant (D:9)
  9 porcupines
  9 orc warriors
  A necrophage (D:8)
  2 slaves (D:6)
  3 ice beasts
  2 eyes of draining
  2 sky beasts
  8 ogres
  A wasp (D:10)
  14 wolves
  2 phantoms
  4 centaurs
  12 crocodiles
  A big kobold (D:9)
  23 giant frogs
  4 scorpions
  9 wights
  4 electric eels
  4 howler monkeys
  3 centaur zombies
  5 crimson imps
  11 orc priests
  5 hounds
  3 jellies
  12 orc wizards
  3 centaur skeletons
  8 iguanas
  Natasha (thrice) (D:3)
  3 worker ants
  9 sheep
  A hound zombie (D:11)
  2 hound skeletons
  8 gnolls
  A howler monkey zombie (D:6)
  9 adders
  A howler monkey skeleton (D:9)
  59 river rats
  6 shadow imps
  An ooze (D:5)
  An adder skeleton (D:4)
  2 worms
  2 dart slugs (D:2)
  4 giant geckos
  40 orcs
  4 bats
  3 giant cockroaches
  15 hobgoblins
  2 jackals (D:10)
  14 kobolds
  5 quokkas
  A ball python (D:3)
  5 giant newts
  3 goblins
  A quokka skeleton (D:6)
  10 rats
  A bush (Lair:2)
  6 fungi
  11 plants
483 creatures vanquished.

Vanquished Creatures (collateral kills)
  Rupert (Lair:4)
  7 hydras
  A death knight (D:12)
  Urug (Lair:4)
  An orc high priest (Orc:2)
  Nergalle (Lair:2)
  A hill giant (D:11)
  5 orc knights (Orc:2)
  A manticore (D:12)
  An ugly thing (D:11)
  2 orc sorcerers (Orc:2)
  3 black mambas
  A centaur zombie (D:10)
  9 spiny frogs
  A torpor snail (Lair:5)
  2 komodo dragons
  A polar bear (Lair:7)
  2 trolls
  2 giant leeches (Lair:8)
  A two-headed ogre (D:11)
  13 blink frogs (Lair:8)
  A spriggan (Lair:2)
  13 yaks
  3 vampire mosquitoes (Lair:8)
  A hungry ghost (D:10)
  3 hippogriffs
  5 water moccasins
  11 orc warriors
  3 porcupines
  A black bear (D:11)
  2 phantoms
  An ogre (Orc:2)
  5 crocodiles
  A big kobold (D:11)
  7 wolves
  15 giant frogs
  2 electric eels (Lair:8)
  A howler monkey (D:10)
  A crimson imp (D:12)
  A wasp zombie (D:11)
  A jelly (D:10)
  2 orc wizards
  8 orc priests
  3 iguanas
  A worker ant (D:11)
  6 sheep
  39 river rats
  A shadow imp (D:11)
  12 orcs
  4 kobolds
  6 fungi
  10 plants
227 creatures vanquished.

Vanquished Creatures (others)
  An orc knight (Lair:2)
  7 orc warriors
  10 orc priests
  A hound (D:7)
  6 orc wizards (Orc:2)
  24 orcs
  A quokka skeleton (D:4)
  25 fungi
  7 plants
82 creatures vanquished.

Grand Total: 792 creatures vanquished

Notes
Turn   | Place    | Note
--------------------------------------------------------------
     0 | D:1      | Marenglen the Hill Orc Venom Mage began the quest for the Orb.
     0 | D:1      | Reached XP level 1. HP: 14/14 MP: 3/3
   126 | D:1      | Reached skill level 1 in Axes
   353 | D:1      | Reached XP level 2. HP: 16/22 MP: 4/4
   816 | D:1      | Reached skill level 1 in Fighting
  1681 | D:2      | Reached XP level 3. HP: 28/28 MP: 3/5
  1736 | D:2      | Learned a level 2 spell: Cure Poison
  2108 | D:2      | Found a white marble altar of Elyvilon.
  2188 | D:2      | Found a bloodstained altar of Trog.
  2485 | D:3      | Noticed Terence
  2903 | D:3      | Noticed Natasha
  2910 | D:3      | Killed Natasha
  2910 | D:3      | Reached XP level 4. HP: 19/36 MP: 0/6
  2916 | D:3      | Learned a level 3 spell: Mephitic Cloud
  2983 | D:3      | Noticed Natasha
  3019 | D:3      | Killed Natasha
  3552 | D:3      | Reached XP level 5. HP: 41/41 MP: 7/7
  3612 | D:3      | Noticed Natasha
  3629 | D:3      | Killed Natasha
  3629 | D:3      | Reached skill level 1 in Conjurations
  3843 | D:4      | Noticed Edmund
  3869 | D:3      | Reached skill level 5 in Axes
  3869 | D:3      | Reached XP level 6. HP: 31/51 MP: 4/8
  4338 | D:4      | Became a worshipper of Beogh the Brigand
  4416 | D:4      | Reached skill level 1 in Invocations
  4611 | D:4      | Reached XP level 7. HP: 58/58 MP: 6/10
  4650 | D:4      | Reached skill level 2 in Invocations
  5163 | D:5      | Entered Level 5 of the Dungeon
  5179 | D:5      | Reached skill level 1 in Air Magic
  5210 | D:5      | Reached skill level 3 in Invocations
  5498 | D:5      | Found a glowing golden altar of the Shining One.
  5590 | D:5      | Reached skill level 4 in Invocations
  5590 | D:5      | Reached XP level 8. HP: 50/67 MP: 3/11
  5729 | D:5      | Reached * piety under Beogh
  5800 | D:5      | Found a staircase to the Ecumenical Temple.
  5858 | D:5      | Found a blossoming altar of Fedhas.
  5921 | D:5      | Reached skill level 5 in Invocations
  6259 | D:6      | Reached skill level 5 in Fighting
  6370 | D:6      | Found a radiant altar of Vehumet.
  6693 | D:6      | Found a sparkling altar of Nemelex Xobeh.
  6797 | D:6      | Reached skill level 6 in Invocations
  6983 | D:6      | Found a sacrificial altar of Ru.
  7044 | D:6      | Reached ** piety under Beogh
  7188 | D:7      | Reached skill level 7 in Invocations
  7188 | D:7      | Reached XP level 9. HP: 63/75 MP: 4/14
  7193 | D:7      | Noticed Pikel
  7574 | D:7      | Reached skill level 8 in Invocations
  7575 | D:7      | Reached skill level 10 in Axes
  7845 | D:7      | Found a sparkling altar of Nemelex Xobeh.
  7876 | D:7      | Killed Pikel
  7876 | D:7      | Reached skill level 9 in Invocations
  8018 | D:7      | Found Uweplo's Armour Shoppe.
  8029 | D:7      | Bought a +1 leather armour of fire resistance for 196 gold pieces
  8442 | D:7      | Reached skill level 10 in Invocations
  8444 | D:7      | Noticed Joseph
  8740 | D:7      | Killed Joseph
  8740 | D:7      | Reached XP level 10. HP: 57/88 MP: 4/17
  8881 | D:7      | Found an oddly glowing altar of Pakellas.
  8988 | D:8      | Found Zin's Purification Station.
  8990 | D:8      | Found a glowing silver altar of Zin.
  9021 | D:8      | Bought a potion of curing for 90 gold pieces
  9043 | D:8      | Noticed franckfuck's ghost (novice MiBe)
  9177 | D:8      | Reached *** piety under Beogh
  9209 | D:8      | Got a dazzling leather armour
  9220 | D:8      | Identified the +2 leather armour of Fashionability {-Tele rCorr Str+3 Int+4} (You found it on level 8 of the Dungeon)
  9764 | D:8      | Reached skill level 11 in Invocations
 10023 | D:9      | Identified a +1 rod of ignition (9/9) (You found it on level 9 of the Dungeon)
 10255 | D:9      | Noticed Maurice
 10277 | D:9      | Killed Maurice
 10484 | D:10     | Entered Level 10 of the Dungeon
 10941 | D:9      | Found a staircase to the Orcish Mines.
 10957 | D:9      | Reached skill level 12 in Invocations
 11250 | D:11     | Noticed a hill giant
 11251 | D:11     | Noticed a manticore
 11270 | D:11     | Killed a hill giant
 11283 | D:11     | Found a labyrinth entrance.
 11448 | Lab      | Entered a labyrinth
 12263 | Lab      | Noticed a minotaur
 12338 | Lab      | Killed a minotaur
 12338 | Lab      | Reached XP level 11. HP: 66/95 MP: 11/20
 12340 | Lab      | Got a clouded ivory ring
 12343 | Lab      | Identified the ring "Rulluki" {SustAt rElec MP+9 Int+4} (You took it off a minotaur in a labyrinth)
 12575 | D:11     | Noticed a purple ugly thing
 12590 | D:11     | Killed a purple ugly thing
 12590 | D:11     | Reached skill level 13 in Invocations
 12808 | D:11     | Killed an unseen horror
 13293 | D:11     | Noticed a brown ugly thing
 13315 | D:11     | Killed a brown ugly thing
 13315 | D:11     | Reached skill level 10 in Fighting
 13617 | D:11     | Got a distressingly furry robe
 13628 | D:11     | Identified the +2 robe of Midwinter {*Drain rElec rF+ rN+} (You found it on level 11 of the Dungeon)
 13735 | D:11     | Found a shadowy altar of Dithmenos.
 13870 | D:11     | Killed a manticore
 14357 | D:11     | Noticed an eight-headed hydra
 14360 | D:11     | Killed an eight-headed hydra
 14360 | D:11     | Reached skill level 14 in Invocations
 14385 | D:12     | Found Raruhebb's General Store.
 14402 | D:12     | Bought a potion of might for 60 gold pieces
 14402 | D:12     | Bought a scroll of recharging for 142 gold pieces
 14848 | D:12     | Noticed a manticore
 14859 | D:12     | Killed a manticore
 15106 | D:12     | Noticed an eight-headed hydra
 15114 | D:12     | Killed an eight-headed hydra
 15306 | D:12     | Noticed a death knight
 15318 | D:12     | Killed a death knight
 15318 | D:12     | Reached XP level 12. HP: 62/106 MP: 20/23
 15746 | D:12     | Found Ytuge's Antique Weapon Shop.
 15761 | D:12     | Reached skill level 15 in Invocations
 16492 | D:10     | Got a brightly glowing silver ring
 16494 | D:10     | Identified the ring of Muolot {-Tele rPois MP+9 Str+5 Dex+2} (You found it on level 10 of the Dungeon)
 16895 | D:10     | Found a staircase to the Lair.
 17074 | Lair:1   | Entered Level 1 of the Lair of Beasts
 17119 | Lair:1   | Reached **** piety under Beogh
 17217 | Lair:1   | Noticed Harold
 17247 | Lair:1   | Killed Harold
 17262 | Lair:1   | Reached skill level 16 in Invocations
 18058 | Lair:2   | Gained Blodwig as an ally
 18352 | Lair:2   | Learned a level 3 spell: Regeneration
 18376 | Lair:2   | Noticed a four-headed hydra
 18383 | Lair:2   | Killed a four-headed hydra
 18383 | Lair:2   | Reached skill level 1 in Necromancy
 18469 | Lair:2   | Reached ***** piety under Beogh
 18471 | Lair:2   | Gained Gorbash as an ally
 18546 | Lair:2   | Found a white marble altar of Elyvilon.
 18905 | Lair:2   | Noticed Nergalle
 18915 | Lair:2   | Killed Nergalle
 18988 | Lair:2   | Noticed a five-headed hydra
 18993 | Lair:2   | Killed a five-headed hydra
 19026 | Lair:2   | Reached XP level 13. HP: 111/116 MP: 25/25
 19182 | Lair:2   | Gained Morun as an ally
 19240 | Lair:2   | Your ally Morun died
 19429 | Lair:3   | Learned a level 1 spell: Animate Skeleton
 19504 | Lair:3   | Noticed Gastronok
 19507 | Lair:3   | Killed Gastronok
 20007 | Lair:4   | Noticed Urug
 20010 | Lair:4   | Killed Urug
 20027 | Lair:4   | Found a staircase to the Snake Pit.
 20293 | Lair:4   | Reached skill level 17 in Invocations
 20313 | Lair:4   | Noticed Rupert
 20331 | Lair:4   | Killed Rupert
 20550 | Lair:4   | Found a staircase to the Swamp.
 21999 | Lair:6   | Gained Boghold as an ally
 22892 | Lair:7   | Found a staircase to the Slime Pits.
 22923 | Lair:7   | Reached skill level 15 in Axes
 22939 | Lair:7   | Noticed Maud
 22943 | Lair:7   | Killed Maud
 23661 | Lair:8   | Entered Level 8 of the Lair of Beasts
 23730 | Lair:8   | Reached XP level 14. HP: 103/127 MP: 26/26
 23747 | Lair:8   | Reached skill level 5 in Dodging
 24064 | Lair:8   | Reached skill level 18 in Invocations
 24068 | Lair:8   | Got a pair of brightly glowing gloves
 24114 | Lair:8   | Identified a scroll of acquirement
 24127 | Lair:8   | Identified the cursed +0 pair of gloves of Dishonesty {rF+ rN+ Int+5 Stlth+} (You found it on level 8 of the Lair of Beasts)
 25046 | Orc:1    | Entered Level 1 of the Orcish Mines
 25307 | Orc:2    | Entered Level 2 of the Orcish Mines
 25627 | Orc:2    | Found a staircase to the Elven Halls.
 25643 | Orc:2    | Reached ****** piety under Beogh
 25972 | Orc:2    | HP: 2/127 [orc high priest/divine providence (10)]
 25972 | Orc:2    | Mangled by an orc knight

Skill      XL: |  1  2  3  4  5  6  7  8  9 10 11 12 13 14 |
---------------+-------------------------------------------+-----
Axes           | 1 3 5 6 7 9 10 11 13 14 15 16 | 16.5
Fighting       | 1 2 3 4 5 7 9 10 12 | 12.6
Poison Magic   | 4 |  4.2
Conjurations   | 1 2 3 |  3.1
Spellcasting   | 2 |  2.1
Invocations    | 1 4 7 10 12 14 16 17 18 | 18.4
Air Magic      | 1 |  1.0
Necromancy     | 3 4 |  4.8
Dodging        | 4 6 |  6.7
Stealth        | |  1.5

Action                   |  1- 3 |  4- 6 |  7- 9 | 10-12 | 13-15 || total
-------------------------+-------+-------+-------+-------+-------++-------
Melee: Hand axe          |   153 |    94 |   289 |   590 |    61 ||  1187
       Battleaxe         |       |       |       |       |   358 ||   358
 Cast: Sting             |    15 |    28 |    29 |    11 |       ||    83
       Mephitic Cloud    |       |     4 |    17 |    10 |     1 ||    32
       Cure Poison       |       |     1 |     1 |       |       ||     2
       Animate Skeleton  |       |       |       |       |    63 ||    63
       Regeneration      |       |       |       |       |     4 ||     4
Invok: Convert to Beogh  |       |     1 |       |       |       ||     1
       Smiting           |       |       |       |    13 |    21 ||    34
       Recall Orcish Fol |       |       |       |     1 |     1 ||     2
Evoke: Wand              |       |       |       |     7 |       ||     7
  Use: Scroll            |     5 |     1 |    11 |     4 |    12 ||    33
       Potion            |       |       |     2 |     3 |     7 ||    12
 Stab: Sleeping          |     6 |       |     4 |    12 |     4 ||    26
       Confused          |       |     1 |     6 |     3 |       ||    10
       Distracted        |       |       |     1 |     3 |    11 ||    15
  Eat: Chunk             |     7 |     7 |     8 |    22 |    21 ||    65
       Bread ration      |       |       |     2 |     1 |       ||     3
       Meat ration       |       |       |       |     2 |     1 ||     3
       Fruit             |       |       |       |     1 |       ||     1
       Beef jerky        |       |       |       |     1 |       ||     1
Armor: Robe              |    29 |    26 |    28 |    64 |    77 ||   224
       Leather armour    |       |       |    19 |    47 |       ||    66
Dodge: Dodged            |    86 |    60 |   139 |   212 |   271 ||   768
